 Dungeon Crawl Stone Soup version 0.28-a0-938-gbc3f381ebc (webtiles) character file.

Game seed: 9525426826631686818

205 miscthings the Charlatan (level 5, 0/41 HPs)
             Began as a Merfolk Artificer on Nov 28, 2021.
             Slain by a kobold (3 damage)
             ... in a sewer.
             The game lasted 00:06:22 (3981 turns).

miscthings the Charlatan (Merfolk Artificer)        Turns: 3981, Time: 00:06:23

Health: 0/41       AC:  5    Str: 13    XL:     5   Next: 83%
Magic:  5/5        EV: 11    Int: 11    God:
Gold:   72         SH:  0    Dex: 14    Spells: 4/4 levels left

rFire   . . .      SeeInvis .   n - +3 whip
rCold   . . .      Faith    .   (no shield)
rNeg    . . .      Spirit   .   o - +0 ring mail
rPois   .          Reflect  .   (no helmet)
rElec   .          Harm     .   (no cloak)
rCorr   .          Rampage  .   (no gloves)
Will    .....                   (no boots)
Stlth   +.........              (no amulet)
HPRegen 0.13/turn               (no ring)
MPRegen 0.09/turn               (no ring)

@: mighty, flying, slowed, very slow
A: (nimble swimmer 2), mertail
a: no special abilities


You were in a sewer.
You visited 1 branch of the dungeon, and saw 3 of its levels.
You also visited: Sewer.

You collected 72 gold pieces.

Inventory:

Hand Weapons
 n - a +3 whip (weapon)
Missiles
 g - 13 poisoned darts (quivered)
Armour
 a - a +0 chain mail
 o - a +0 ring mail (worn)
Wands
 c - a wand of flame (5)
 d - a wand of charming (13)
Scrolls
 f - a scroll of torment {unknown}
 h - a scroll of teleportation {unknown}
 j - a scroll of vulnerability {unknown}
 k - 3 scrolls of identify {unknown}
 m - a scroll of holy word {unknown}
 s - a scroll of magic mapping {unknown}
Potions
 b - a potion of might
 i - a potion of flight
 l - a potion of heal wounds
 p - 2 potions of lignification {unknown}
 q - a potion of attraction {unknown}
 r - 2 potions of haste {unknown}
Miscellaneous
 e - a piece from Xom's chessboard (15/15)


   Skills:
 + Level 3.2 Fighting
 + Level 0.6 Maces & Flails
 - Level 0.6 Armour
 - Level 2.6 Dodging
 - Level 1.1 Stealth
 + Level 5.4 Evocations


You had 4 spell levels left.
You didn't know any spells.
Your spell library contained the following spells:

 Spells                   Type           Power      Damage    Failure   Level
 Sublimation of Blood     Necr           0%         N/A       75%         2
 Petrify                  Tmut/Erth      0%         N/A       100%        4
 Irradiate                Conj/Tmut      0%         3d13      100%        5


Dungeon Overview and Level Annotations

Branches:
Dungeon (3/15)              Sewer (1/1)

Altars:
Gozag


Innate Abilities, Weirdness & Mutations

((You are quick and stealthy near water. (Stealth+, EV+, Speed+++)))
Your lower body shifts to a powerful aquatic tail in water.


Message History

The kobold hits you but does no damage.
It was a potion of flight.
You feel very buoyant.
You fly up into the air.
You feel very sick.
The kobold hits you with a +0 short sword.
The kobold brigand hits you with a +0 dagger.
The kobold closely misses you.
It was a potion of might.
You feel very mighty all of a sudden.
You feel very sick. The kobold barely misses you.
The kobold brigand hits you with a +0 dagger.
The kobold misses you.
You whack the kobold brigand!
The kobold brigand is moderately wounded.
You feel sick. The kobold closely misses you.
The kobold brigand closely misses you. The kobold hits you but does no damage.
The kobold misses you. The kobold closely misses you.
The kobold brigand hits you with a +0 dagger.
* * * LOW HITPOINT WARNING * * *
The kobold hits you with a +0 short sword.
* * * LOW HITPOINT WARNING * * *
It was a potion of heal wounds.
You feel much better.
You feel sick. The kobold hits you but does no damage.
The kobold brigand hits you with a +0 dagger.
The kobold hits you but does no damage. The kobold brigand closely misses you.
The kobold hits you but does no damage.
You feel sick.
The kobold brigand hits you with a +0 dagger!
* * * LOW HITPOINT WARNING * * *
The kobold throws a stone.
The stone hits you but does no damage.
The kobold brigand hits you with a +0 dagger.
* * * LOW HITPOINT WARNING * * *
The kobold brigand hits you with a +0 dagger.
* * * LOW HITPOINT WARNING * * *
You feel sick.
You are no longer poisoned.
The kobold hits you with a +0 short sword.
You die...

##.....#
#......#≈≈≈≈P.
#......#≈≈≈≈≈≈
#......#≈≈≈≈≈
#......#≈≈≈#
#....≈≈#≈≈≈#
##...≈≈#≈≈≈#
##...P≈≈≈≈≈#
#.@K.≈≈≈≈≈≈#
###KK.P#≈≈≈#
#K...#≈≈≈#
##K'##≈≈≈#
....#≈≈≈#
#?..!#≈≈≈#
#!.∩!#≈≈≈#
#....#≈≈≈#
######≈≈≈#


You could see 2 kobold brigands and 3 kobolds.

Vanquished Creatures
  A hound (D:3)
  4 gnolls
  8 adders
  4 dart slugs
  5 bats
  3 endoplasms
  3 giant cockroaches
  2 goblins (D:1)
  5 hobgoblins
  2 jackals (D:1)
  6 kobolds
  6 quokkas
  3 ball pythons
  5 frilled lizards
  8 rats
65 creatures vanquished.

Vanquished Creatures (others)
  A ball python (D:1)
  A plant (Sewer)
2 creatures vanquished.

Grand Total: 67 creatures vanquished

Notes
Turn   | Place    | Note
-------+----------+-------------------------------------------
     0 | D:1      | miscthings the Merfolk Artificer began the quest for the
                  | Orb.
     0 | D:1      | Reached XP level 1. HP: 15/15 MP: 1/1
   249 | D:1      | Reached XP level 2. HP: 10/21 MP: 2/2
  1089 | D:1      | Reached XP level 3. HP: 22/26 MP: 3/3
  1536 | D:1      | Reached skill level 4 in Evocations
  2317 | D:1      | Reached XP level 4. HP: 19/33 MP: 4/4
  2873 | D:2      | Reached skill level 5 in Evocations
  2873 | D:2      | Reached XP level 5. HP: 18/39 MP: 5/5
  3440 | D:3      | Found an opulent altar of Gozag.
  3807 | D:3      | Found a glowing drain.
  3826 | Sewer    | Entered a sewer
  3974 | Sewer    | Noticed a kobold brigand
  3974 | Sewer    | Noticed a kobold brigand
  3981 | Sewer    | Slain by a kobold

Illustrated notes

Levels and vault maps discovered:
D:1:      dpeg_arrival_leaves_temple_mockup, layout_basic
D:2:      layout_rooms, minmay_misc_feat_chi
D:3:      layout_rooms, mainiacjoe_overflow_small_starburst,
          portal_sewer_entry_d
Sewer:    kennysheep_pipe_town

Skill      XL: |  1  2  3  4  5 |
---------------+----------------+-----
Evocations     | 4 5 |  5.4
Fighting       | 2 3 |  3.2
Maces & Flails | |  0.6
Armour         | |  0.6
Dodging        | |  2.6
Stealth        | |  1.1

Action                   |  1- 3 |  4- 6 || total
-------------------------+-------+-------++-------
Melee: Club              |    51 |       ||    51
       Dagger            |    99 |    44 ||   143
       Whip              |       |    72 ||    72
Throw: Dart              |    18 |    25 ||    43
Evoke: Wand              |     8 |     4 ||    12
       Piece from Xom's  |       |     2 ||     2
  Use: Potion            |       |     3 ||     3
 Stab: Sleeping          |       |     2 ||     2
       Paralysed         |       |     1 ||     1
Armor: Leather armour    |    36 |    22 ||    58
       Ring mail         |       |    33 ||    33
Dodge: Dodged            |   129 |   105 ||   234

Table legend: (Time is in decaauts)
 A = Elapsed time spent in this place.
 B = Non-inter-level travel time spent in this place.
 C = Inter-level travel time spent in this place.
 D = Time resting spent in this place.
 E = Time spent auto-exploring this place.
 F = Levels seen in this place.
 G = Mean time per level.
                   A        B        C        D        E       F      G
               +--------+--------+--------+--------+--------+-----+--------+
         Total |   4000 |   3725 |    275 |   1762 |    984 |   4 | 1000.0 |
       Dungeon |   3846 |   3571 |    275 |   1656 |    977 |   3 | 1282.0 |
         Sewer |    154 |    154 |      0 |    106 |      7 |   1 |  154.0 |
               +--------+--------+--------+--------+--------+-----+--------+

Top non-repeatable levels by time:
     D:1: 2627 daAuts
     D:2: 829 daAuts
     D:3: 388 daAuts
   Sewer: 154 daAuts
